 Dungeon Crawl Stone Soup version 0.31-a0-221-gbddc013574 (webtiles) character file.

Game seed: 9053958708780980379

630 qw the Shooter (level 7, -7/44 HPs)
             Began as a Gargoyle Hexslinger on July 3, 2023.
             Was an Initiate of Okawaru.
             Mangled by Prince Ribbit (13 damage)
             ... on level 6 of the Dungeon.
             The game lasted 00:01:38 (3994 turns).

qw the Shooter (Gargoyle Hexslinger)                Turns: 3994, Time: 00:01:39

Health: -7/44      AC: 14    Str: 18    XL:     7   Next: 48%
Magic:  8/8        EV: 11    Int: 13    God:    Okawaru [......]
Gold:   243        SH:  5    Dex: 14    Spells: 7/8 levels left

rFire   + . .        b - +5 sling
rCold   . . .        (no shield)
rNeg    + . .        a - +0 ring mail
rPois   inf          (no helmet)
rElec   +            d - +1 cloak
rCorr   +            e - +0 pair of gloves
SInv    .            k - +0 pair of boots
Will    .....        h - amulet of reflection
Stlth   +            m - ring "Liroast" {rF+ rCorr}
HPRegen 0.27/turn    n - +6 ring of strength
MPRegen 0.11/turn

%: reflection
@: about to teleport
A: sickness immunity, AC +4, negative energy resistance 1, electricity
resistance, torment resistance 1, petrification resistance
a: Renounce Religion


You were on level 6 of the Dungeon.
You worshipped Okawaru.
Okawaru was noncommittal.
You visited 2 branches of the dungeon, and saw 7 of its levels.

You collected 243 gold pieces.


Innate Abilities, Weirdness & Mutations

You are immune to sickness and miasma.
Your stone body is resilient. (AC +4)
You are immune to poison.
You resist negative energy. (rN+)
You are resistant to electric shocks. (rElec)
You are resistant to unholy torment.
You are immune to petrification.


   Skills:
 - Level 4.3 Fighting
 - Level 6.8 Ranged Weapons
 + Level 1.5 Armour
 - Level 1.5 Dodging
 - Level 1.0 Spellcasting
 - Level 2.6 Hexes


You had 7 spell levels left.
You knew the following spells:

 Your Spells              Type           Power      Damage    Failure   Level
a - Slow                  Hex            28%        N/A       17%         1

Your spell library contained the following spells:

 Spells                   Type           Power      Damage    Failure   Level
 Inner Flame              Hex/Fire       4%         N/A       65%         3
 Portal Projectile        Hex/Tloc       8%         N/A       65%         3
 Cause Fear               Hex            3%         N/A       86%         4

Inventory:

Hand Weapons
 b - a +5 sling (weapon)
Armour
 a - a +0 ring mail (worn)
 d - a +1 cloak (worn)
 e - a +0 pair of gloves (worn)
 k - a +0 pair of boots (worn)
Jewellery
 h - an amulet of reflection (around neck)
 m - the ring "Liroast" (left hand) {rF+ rCorr}
   (You acquired it on level 5 of the Dungeon)

   [ring of protection from fire]

   rF:        It protects you from fire.
   rCorr:     It protects you from acid and corrosion.
 n - a +6 ring of strength (right hand)
Scrolls
 i - a scroll of identify
 l - 4 scrolls of teleportation
Potions
 c - a potion of haste
 f - a potion of enlightenment
 g - a potion of brilliance {unknown}
 j - a potion of curing {unknown}
 o - a potion of might {unknown}

Dungeon Overview and Level Annotations

Branches:
Dungeon (6/15)             Temple (1/1) D:5

Altars:
Ashenzari
Dithmenos
Elyvilon
Fedhas
Gozag
Kikubaaqudgha
Makhleb
Okawaru
Qazlal
Ru
Sif Muna
Trog
Uskayaw
Vehumet
Xom
Yredelemnul
Zin
The Shining One

Shops:
D:1 ?   D:2 (

Annotations:
D:4 3 runed translucent doors, qw's ghost, amateur GrHs
D:6 Prince Ribbit


Message History

You shoot a sling bullet.
The sling bullet barely misses Prince Ribbit.
Prince Ribbit blinks!
Prince Ribbit closely misses you.
You shoot a sling bullet. The sling bullet hits Prince Ribbit.
Prince Ribbit is severely wounded.
Prince Ribbit blinks!
You shoot a sling bullet.
The sling bullet closely misses Prince Ribbit.
Prince Ribbit hits you!
You shoot a sling bullet.
The sling bullet closely misses Prince Ribbit.
Prince Ribbit hits you but does no damage.
Prince Ribbit blinks!
You shoot a sling bullet.
The sling bullet barely misses Prince Ribbit.
You shoot a sling bullet.
The sling bullet barely misses Prince Ribbit.
You shoot a sling bullet. The sling bullet misses Prince Ribbit.
Prince Ribbit hits you but does no damage.
You shoot a sling bullet. The sling bullet misses Prince Ribbit.
Prince Ribbit hits you!
You shoot a sling bullet. The sling bullet hits Prince Ribbit.
Prince Ribbit is severely wounded.
Prince Ribbit barely misses you. Prince Ribbit hits you.
You shoot a sling bullet.
The sling bullet closely misses Prince Ribbit.
Prince Ribbit blinks!
You shoot a sling bullet.
The sling bullet barely misses Prince Ribbit.
Prince Ribbit misses you.
You shoot a sling bullet. The sling bullet misses Prince Ribbit.
Prince Ribbit hits you. Prince Ribbit hits you!
3993 ||| READING 5 scrolls of teleportation.
As you read the scroll of teleportation, it crumbles to dust.
You feel strangely unstable.
Prince Ribbit hits you but does no damage.
You shoot a sling bullet. The sling bullet hits Prince Ribbit!
Prince Ribbit is almost dead.
Prince Ribbit hits you!
You die...

....#.######.........# #.#.#
...........#.#.........#.#.#
...........'.#########.#.#.#
............### #.#.# ##
###+#...## ... #.#.########
_.P. #..........#
..P.###..####.#F#
PPP.#......##.#@#
....#.#.#...#.#.#
++#####.#####.#.# .....
#.......#.# ##.? #########.#
#. ... #. .#. . .


You could see Prince Ribbit.

Vanquished Creatures
  An ogre (D:5)
  A centaur (D:5)
  A scorpion (D:5)
  2 hounds (D:5)
  3 orc priests (D:5)
  A sleepcap (D:4)
  9 adders
  3 gnolls (D:4)
  A shadow imp (D:5)
  2 worms (D:2)
  3 dart slugs (D:1)
  10 orcs
  6 ball pythons (D:1)
  6 endoplasms
  2 giant cockroaches (D:3)
  13 hobgoblins
  4 jackals (D:2)
  5 quokkas
  12 bats
  3 frilled lizards
  3 goblins
  7 kobolds
  4 rats
102 creatures vanquished.

Notes
Turn   | Place    | Note
-------+----------+-------------------------------------------
     0 | D:1      | qw the Gargoyle Hexslinger began the quest for the Orb.
     0 | D:1      | Reached XP level 1. HP: 12/12 MP: 2/2
     0 | D:1      | 0 ||| qw: Version: 0.3-a-40-ge99b1a8
     0 | D:1      | 0 ||| qw: Game counter: 576
     0 | D:1      | 0 ||| qw: Melee chars always use a shield: true
     0 | D:1      | 0 ||| qw: God list: Okawaru
     0 | D:1      | 0 ||| qw: Allow faded altars: false
     0 | D:1      | 0 ||| qw: Do Orc after clearing Dungeon:15 true
     0 | D:1      | 0 ||| qw: Do second Lair branch before Depths: true
     0 | D:1      | 0 ||| qw: Lair rune preference: random
     0 | D:1      | 0 ||| qw: Goals: Normal
     0 | D:1      | 0 ||| PLANNING D:1-11
    70 | D:1      | Reached XP level 2. HP: 13/16 MP: 3/3
   105 | D:1      | Found Iceumife's Magic Scroll Shop.
   110 | D:1      | 110 ||| SHOPLISTING scroll of identify (28 gold, have 0).
   110 | D:1      | 110 ||| SHOPLISTING scroll of teleportation (42 gold, have
                  | 0).
   147 | D:1      | HP: 4/16 [constriction (1)]
   153 | D:1      | Reached skill level 3 in Ranged Weapons
   465 | D:1      | Reached XP level 3. HP: 21/21 MP: 4/4
   517 | D:1      | Found a faded altar of an unknown god.
   891 | D:1      | 891 ||| UPGRADING to amulet of regeneration.
   896 | D:1      | 896 ||| UPGRADING to amulet of reflection.
   906 | D:1      | 906 ||| DROPPING amulet of regeneration.
   907 | D:1      | 907 ||| READING scroll labelled XIRRIXZ SOOTYV.
   908 | D:1      | 908 ||| READING scroll labelled INUUBIYFRU.
   909 | D:1      | 909 ||| READING 2 scrolls labelled WETHRY QER ZOE.
   910 | D:1      | 910 ||| DROPPING scroll of poison.
   977 | D:2      | 977 ||| READING scroll of enchant weapon.
   977 | D:2      | 977 ||| ENCHANTING +2 sling.
  1101 | D:2      | Found Bigacyim's Weapon Boutique.
  1246 | D:2      | 1246 ||| Stepping ~*~*~tactically~*~*~ (outnumbered).
  1265 | D:2      | Reached XP level 4. HP: 24/26 MP: 5/5
  1424 | D:2      | Reached skill level 4 in Ranged Weapons
  1502 | D:2      | 1502 ||| UPGRADING to +0 ring mail.
  1512 | D:2      | 1512 ||| DROPPING +0 robe.
  1513 | D:2      | 1513 ||| UPGRADING to +0 pair of gloves.
  1518 | D:2      | 1518 ||| READING scroll labelled TOM KOGREXT.
  1519 | D:2      | 1519 ||| READING 3 scrolls of identify.
  1519 | D:2      | 1519 ||| IDENTIFYING inky potion
  1520 | D:2      | 1520 ||| READING 2 scrolls of identify.
  1520 | D:2      | 1520 ||| IDENTIFYING fuming brown potion
  1521 | D:2      | 1521 ||| DROPPING potion of magic.
  1559 | D:3      | 1559 ||| READING scroll of enchant weapon.
  1559 | D:3      | 1559 ||| ENCHANTING +3 sling.
  1710 | D:3      | Found a shimmering blue altar of Sif Muna.
  1748 | D:3      | Reached skill level 1 in Armour
  1825 | D:3      | Reached XP level 5. HP: 21/30 MP: 6/6
  2037 | D:3      | 2037 ||| READING scroll of enchant weapon.
  2037 | D:3      | 2037 ||| ENCHANTING +4 sling.
  2082 | D:3      | Found a radiant altar of Vehumet.
  2160 | D:3      | Found an ancient bone altar of Kikubaaqudgha.
  2161 | D:3      | Found a white marble altar of Elyvilon.
  2162 | D:3      | Found a shimmering altar of Xom.
  2163 | D:3      | Found a sacrificial altar of Ru.
  2353 | D:3      | 2353 ||| UPGRADING to ring of resist corrosion.
  2354 | D:3      | 2354 ||| READING scroll labelled YSUURI KAHATWATIRGH.
  2358 | D:3      | 2358 ||| READING scroll labelled MUBLUKH UGGIVEI.
  2453 | D:4      | Reached skill level 5 in Ranged Weapons
  2458 | D:4      | HP: 7/31 [gnoll/+0 halberd (3)]
  2461 | D:4      | HP: 1/31 [gnoll/+0 halberd (4)]
  2593 | D:4      | Found a runed translucent gate.
  2839 | D:4      | Found a runed translucent gate.
  2839 | D:4      | Found a runed translucent gate.
  2842 | D:4      | Noticed qw's ghost (amateur GrHs)
  2903 | D:4      | Reached skill level 3 in Fighting
  2903 | D:4      | Reached XP level 6. HP: 36/37 MP: 7/7
  2958 | D:4      | 2958 ||| UPGRADING to +0 pair of boots.
  2963 | D:4      | 2963 ||| READING scroll labelled XUT IQOPSUITHIZUS.
  2964 | D:4      | 2964 ||| READING scroll labelled WAMANOI VIENO.
  2965 | D:4      | 2965 ||| READING 2 scrolls of identify.
  2965 | D:4      | 2965 ||| IDENTIFYING murky grey potion
  2975 | D:5      | Entered Level 5 of the Dungeon
  3163 | D:5      | Reached skill level 6 in Ranged Weapons
  3200 | D:5      | Reached XP level 7. HP: 41/41 MP: 8/8
  3571 | D:5      | Found a staircase to the Ecumenical Temple.
  3572 | D:5      | 3572 ||| PLANNING TEMPLE
  3572 | D:5      | 3572 ||| UPGRADING to +1 cloak.
  3586 | D:5      | 3586 ||| UPGRADING to +6 ring of strength.
  3587 | D:5      | 3587 ||| READING scroll labelled CAHAHI EDGHOA.
  3587 | D:5      | Identified a scroll of acquirement
  3587 | D:5      | 3587 ||| ACQUIRING ring "Liroast" {rF+ rCorr}
  3587 | D:5      | Acquired the ring "Liroast" {rF+ rCorr}
  3589 | D:5      | 3589 ||| UPGRADING to ring "Liroast" {rF+ rCorr}.
  3591 | D:5      | 3591 ||| DROPPING ring of resist corrosion.
  3598 | Temple   | Entered the Ecumenical Temple
  3607 | Temple   | 3607 ||| PLANNING OKAWARU WORSHIP
  3650 | Temple   | Became a worshipper of Warmaster Okawaru
  3651 | Temple   | 3651 ||| PLANNING D:1-11
  3949 | D:6      | Found an opulent altar of Gozag.
  3965 | D:6      | Noticed Prince Ribbit
  3992 | D:6      | HP: 6/44 [Prince Ribbit (12)]
  3993 | D:6      | 3993 ||| READING 5 scrolls of teleportation.
  3994 | D:6      | Mangled by Prince Ribbit

Levels and vault maps discovered:
D:1:      lemuel_arrival_rhombus, layout_loops_corners, serial_shops, shop,
          chequers_ecumenical_altar_island
D:2:      minmay_evil_eye, layout_rooms, serial_shops,
          nicolae_shop_real_fake_doors, hangedman_decor_lopped
D:3:      layout_loops_ring, mainiacjoe_overflow_alcove_3,
          nicolae_vehumet_altar_sigil, led_sif_pool, minmay_joined_circles
D:4:      layout_cave_pools, gammafunk_ghost_split
D:5:      layout_basic, minmay_temple_entry_hall
D:6:      minmay_general_purpose_star, layout_basic,
          mainiacjoe_overflow_alcove_4, gammafunk_temple_overflow_elements,
          grunt_ministairs_15, sigmund_army, uniq_prince_ribbit1, uniq_sigmund
Temple:   hellmonk_temple_of_storms

Skill      XL: |  1  2  3  4  5  6  7 |
---------------+----------------------+-----
Ranged Weapons | 3 4 5 6 |  6.8
Fighting       | 2 3 4 |  4.3
Armour         | 1 |  1.5
Dodging        | |  1.5
Spellcasting   | |  1.0
Hexes          | |  2.6

Action                     |  1- 3 |  4- 6 |  7- 9 || total
---------------------------+-------+-------+-------++-------
   Fire: Sling             |   103 |   185 |    77 ||   365
    Use: Scroll            |     4 |    10 |     2 ||    16
 Armour: Robe              |    29 |     1 |       ||    30
         Ring mail         |       |    73 |    10 ||    83
  Dodge: Dodged            |    61 |    82 |    18 ||   161
  Block: Other             |     5 |    37 |    12 ||    54
         Reflection        |       |       |     1 ||     1

Table legend:
 A = Non-vault XP
 B = Vault XP
 C = Vault XP percentage of total XP
 D = Non-vault monster count
 E = Vault monster count
 F = Vault count percentage of total count
                 A         B        C        D         E       F
            +---------+---------+-------+---------+---------+-------
      Total |     833 |      68 |   7.5 |      83 |      19 |  18.6
            +---------+---------+-------+---------+---------+-------
        D:1 |      45 |       0 |   0.0 |      24 |       0 |   0.0
        D:2 |      54 |       4 |   6.9 |      13 |       3 |  18.8
        D:3 |      53 |      56 |  51.4 |      18 |      12 |  40.0
        D:4 |     112 |       0 |   0.0 |      12 |       0 |   0.0
        D:5 |     556 |       0 |   0.0 |      15 |       0 |   0.0
        D:6 |      13 |       8 |  38.1 |       1 |       4 |  80.0
            +---------+---------+-------+---------+---------+-------
